 Dungeon Sprint DCSS version 0.29-a0-337-g68df138881 (webtiles) character file.

Game seed: 11108307534782438508

2 mhtbhm the Shield-Bearer (level 1, -4/16 (20) HPs)
             Began as a Minotaur Fighter on Apr 16, 2022.
             Killed by nerve-wracking pain
             ... invoked by Jessica
              (13 damage)
             ... in the Dungeon (Sprint III: "The Ten Rune Challenge").
             The game lasted 00:00:04 (40 turns).

mhtbhm the Shield-Bearer (Minotaur Fighter)           Turns: 40, Time: 00:00:05

HP:   -4/16 (20)    AC:  7    Str: 20    XL:     1   Next: 33%
MP:   0/0           EV:  9    Int:  5    God:
Gold: 8             SH:  4    Dex:  9    Spells: 0/0 levels left

rFire   . . .      SeeInvis .   a - +0 war axe
rCold   . . .      Faith    .   c - +0 buckler
rNeg    . . .      Spirit   .   b - +0 scale mail
rPois   .          Reflect  .   (helmet restricted)
rElec   .          Harm     .   (no cloak)
rCorr   .          Rampage  .   (no gloves)
Will    .....      NoTele   +   (no boots)
Stlth   ..........              (no amulet)
HPRegen 0.05/turn               (no ring)
MPRegen 0.07/turn               (no ring)

@: heavily drained
A: horns 2, retaliatory headbutt
a: no special abilities


You were in the Dungeon.
You visited 1 branch You collected 8 gold pieces.

Inventory:

Hand Weapons
 a - a +0 war axe (weapon)
Armour
 b - a +0 scale mail (worn)
 c - a +0 buckler (worn)
Scrolls
 j - a scroll of blinking
Potions
 d - a potion of might
 e - a potion of curing
 f - a potion of heal wounds
 g - a potion of haste
 h - 2 potions of magic
 i - a potion of berserk rage


   Skills:
 + Level 4.1 Fighting
 + Level 2.6 Axes
 + Level 4.1 Armour
 + Level 4.1 Shields


You couldn't memorise any spells.
You didn't know any spells.
Your spell library was empty.

Dungeon Overview and Level Annotations

Branches:
Dungeon (1/1)

Altars:

Annotations:
D Jessica


Innate Abilities, Weirdness & Mutations

You have a pair of horns on your head.
You reflexively headbutt those who attack you in melee.


Message History

No target in view!
A rat comes into view.
Found 19 stones.
You slash the rat!
You kill the rat!
Your Fighting skill increases to level 4!
Your Armour skill increases to level 4!
Your Shields skill increases to level 4!
No target in view!
You see here a rat corpse.
A rat comes into view.
A rat is nearby!
You closely miss the rat. You block the rat's attack.
You closely miss the rat.
The rat bites you but does no damage. x2
You hit the rat.
You kill the rat!
No target in view!
No target in view!
No target in view!
You now have 8 gold pieces.
You see here a rat corpse.
Jessica the Apprentice Sorceress comes into view.
She is wielding a +1 dagger of draining.
Jessica shouts!
Jessica is nearby!
Jessica is nearby!
Jessica hits you with a +1 dagger of draining.
You feel drained.
You barely miss Jessica.
Jessica gestures wildly while chanting.
Jessica seems to speed up.
Jessica hits you but does no damage.
You feel drained.
You closely miss Jessica. Your headbutt misses Jessica.
Jessica hits you but does no damage.
You feel drained.
Jessica hits you with a +1 dagger of draining!
You feel drained.
You barely miss Jessica.
Jessica points at you and mumbles some strange words.
Pain shoots through your body!
Ouch! That really hurt!
You die...

▓▓▓▓▓▓▓▓▓
▓<..#...####
▓...#......##
▓..##...†...#
▓##.##.##...#
##.##.###..#
▓#.####.##@.#
▓.###..##.@##
▓#.....##..#
###†.##...#
##..##....#
#..###..##.
#(.# #.. #
▓▓▓▓ ▓▓▓


You could see Jessica (fast).

Vanquished Creatures
  An endoplasm (D)
  2 rats (D)
3 creatures vanquished.

Notes
Turn   | Place    | Note
-------+----------+-------------------------------------------
     0 | D        | mhtbhm the Minotaur Fighter began the quest for the Orb.
     0 | D        | Reached XP level 1. HP: 19/19 MP: 0/0
    35 | D        | Noticed Jessica
    40 | D        | Killed from afar by Jessica

Illustrated notes

Levels and vault maps discovered:
D:        dungeon_sprint_mu [sprint_mu_entry_cave, sprint_mu_temple_rooms,
          sprint_mu_d1_horrors, sprint_mu_d2_genie, sprint_mu_d3_branching,
          sprint_mu_orc_legion, sprint_mu_elf_gauntlet, sprint_mu_hive_nellie,
          sprint_mu_lair_fedhas, sprint_mu_vaults_butterflies,
          sprint_mu_slime_circle, sprint_mu_swamp_cave, sprint_mu_snake_twists,
          sprint_mu_blade_basic, sprint_mu_crypt_chambers,
          sprint_mu_tomb_spiral, sprint_mu_vestibule_basic,
          sprint_mu_gehenna_hellfire, sprint_mu_dis_giant,
          sprint_mu_tartarus_statrot, sprint_mu_cocytus_islands, sprint_mu_zot1]

Skill      XL: |  1 |
---------------+----+-----
Fighting       | 4 |  4.1
Armour         | 4 |  4.1
Shields        | 4 |  4.1
Axes           | |  2.6

Action                   || total
-------------------------++-------
Melee: War axe           ||     9
       Headbutt          ||     1
Armor: Scale mail        ||     4
Block: Buckler           ||     3

Table legend: (Time is in decaauts)
 A = Elapsed time spent in this place.
 B = Non-inter-level travel time spent in this place.
 C = Inter-level travel time spent in this place.
 D = Time resting spent in this place.
 E = Time spent auto-exploring this place.
 F = Levels seen in this place.
 G = Mean time per level.
                   A        B        C        D        E       F      G
               +--------+--------+--------+--------+--------+-----+--------+
         Total |     43 |     43 |      0 |      0 |     23 |   1 |   43.0 |
       Dungeon |     43 |     43 |      0 |      0 |     23 |   1 |   43.0 |
               +--------+--------+--------+--------+--------+-----+--------+

Top non-repeatable levels by time:
       D: 43 daAuts
